 Dungeon Crawl Stone Soup version 0.23.0 (webtiles) character file.

Game seed: 10344409632470005300

205 Morgius the Conjurer (level 5, -1/35 HPs)
             Began as a Mummy Wizard on Feb 15, 2019.
             Slain by Crazy Yiuf
             ... wielding a +2 quarterstaff of chaos
              (9 damage)
             ... while petrified by Crazy Yiuf
             ... on level 2 of the Dungeon.
             The game lasted 00:03:58 (2277 turns).

Morgius the Conjurer (Mummy Wizard)                 Turns: 2277, Time: 00:03:58

Health: -1/35      AC:  2    Str: 11    XL:     5   Next: 53%
Magic:  8/11       EV:  2    Int: 18    God:
Gold:   62         SH:  0    Dex: 10    Spells: 5/12 levels left

rFire    x . .     SeeInvis .   f - +3 short sword
rCold    + . .     Gourm    .   (no shield)
rNeg     + + +     Faith    .   a - +0 robe
rPois    ∞         Spirit   .   b - +0 hat
rElec    .         Reflect  .   (no cloak)
rCorr    .         Harm     +   (no gloves)
MR       .....                  (no boots)
Stlth    ++........             g - amulet of harm
HPRegen  0.11/turn              (no ring)
MPRegen  0.12/turn              (no ring)

@: petrified, slowed
A: no food or potions, fire vulnerability, cold resistance 1, negative energy
resistance 3, torment resistance, unbreathing
a: no special abilities


You were on level 2 of the Dungeon.
You were not hungry.

You visited 1 branch of the dungeon, and saw 2 of its levels.

You collected 62 gold pieces.

Inventory:

Hand Weapons
 f - a +3 short sword (weapon)
Armour
 a - a +0 robe (worn)
 b - a +0 hat (worn)
Jewellery
 g - an amulet of harm (around neck)
Scrolls
 c - a scroll of identify {unknown}
 d - a scroll of teleportation {unknown}
 e - a scroll of noise {unknown}


   Skills:
 - Level 1.5 Dodging
 - Level 1.5 Stealth
 - Level 4.0 Spellcasting
 * Level 4.5 Conjurations
   Level 0.7 Summonings
   Level 0.7 Translocations


You had 5 spell levels left.
You knew the following spells:

 Your Spells              Type           Power        Failure   Level  Hunger
a - Magic Dart            Conj           ###.         2%          1    N/A
b - Conjure Flame         Conj/Fire      ##......     17%         3    N/A
c - Mephitic Cloud        Conj/Pois/Air  #.......     24%         3    N/A

Your spell library contained the following spells:

 Spells                   Type           Power        Failure   Level  Hunger
 Blink                    Tloc           N/A          17%         2    N/A
 Call Imp                 Summ           #.......     17%         2    N/A
 Slow                     Hex            #.......     22%         2    N/A

Dungeon Overview and Level Annotations

Branches:
Dungeon (2/15)

Altars:

Annotations:
D:2 Crazy Yiuf


Innate Abilities, Weirdness & Mutations

You do not eat or drink.
Your flesh is vulnerable to fire.
You are immune to poison.
Your flesh is cold resistant. (rC+)
You are immune to negative energy. (rN+++)
You are immune to unholy pain and torment.
You can survive without breathing.


Message History

Confirm with . or Enter, or press ? or * to list all spells.
Aiming: Mephitic Cloud (safe; 24% risk of failure)
Press: ? - help, Shift-Dir - straight line, f - Crazy Yiuf
Aim: Crazy Yiuf, wielding a +2 quarterstaff of chaos and wearing a +2 cloak of poison resistance (heavily wounded)
Okay, then.
Unknown command.
Unknown command.
Crazy Yiuf hits you with a +2 quarterstaff of chaos!
You have turned to stone.
Crazy Yiuf hits you with a +2 quarterstaff of chaos.
You feel your power leaking away.
Crazy Yiuf hits you with a +2 quarterstaff of chaos!
Crazy Yiuf burns you.
* * * LOW HITPOINT WARNING * * *
Crazy Yiuf hits you but does no damage.
You feel yourself slow down.
Crazy Yiuf hits you with a +2 quarterstaff of chaos.
* * * LOW HITPOINT WARNING * * *
Crazy Yiuf freezes you.
Crazy Yiuf hits you with a +2 quarterstaff of chaos!
You die...

######## ##....#.### ### ####
##......#@g##...# #..#
#......####.'...# #..#
########.....## ###..)# #..#####
..........#### ### ##.....#
####......# #.....# #.######
#.....#
####.######################......
.................................
####.#####.###.#####..###.#......


You could see Crazy Yiuf.

Vanquished Creatures
  A scorpion (D:2)
  A hound (D:2)
  Jessica (D:2)
  Terence (D:2)
  An adder (D:2)
  2 worms (D:2)
  5 dart slugs
  A leopard gecko (D:1)
  3 ball pythons (D:1)
  6 bats
  3 giant cockroaches
  6 goblins
  4 hobgoblins
  2 quokkas (D:2)
  5 frilled lizards
  4 kobolds
  7 rats
53 creatures vanquished.

Notes
Turn   | Place    | Note
-------+----------+-------------------------------------------
     0 | D:1      | Morgius the Mummy Wizard began the quest for the Orb.
     0 | D:1      | Reached XP level 1. HP: 13/13 MP: 5/5
    38 | D:1      | Reached skill level 1 in Conjurations
   119 | D:1      | Reached XP level 2. HP: 12/19 MP: 0/7
   580 | D:1      | Reached XP level 3. HP: 20/24 MP: 8/8
   711 | D:1      | Learned a level 3 spell: Conjure Flame
   715 | D:1      | Learned a level 3 spell: Mephitic Cloud
  1187 | D:2      | Noticed a scorpion
  1197 | D:2      | Killed a scorpion
  1197 | D:2      | Reached XP level 4. HP: 4/30 MP: 8/10
  1567 | D:2      | Noticed Jessica
  1574 | D:2      | Killed Jessica
  1643 | D:2      | Noticed Terence
  1652 | D:2      | Killed Terence
  1652 | D:2      | Reached XP level 5. HP: 35/35 MP: 3/11
  1809 | D:2      | Found a runed translucent door.
  1810 | D:2      | Noticed Crazy Yiuf
  2277 | D:2      | Slain by Crazy Yiuf

Skill      XL: |  1  2  3  4 |
---------------+-------------+-----
Conjurations   | 1 2 3 4 |  4.5
Dodging        | |  1.5
Stealth        | |  1.5
Spellcasting   | |  4.0
Summonings     | |  0.7
Translocations | |  0.7

Action                   |  1- 3 |  4- 6 || total
-------------------------+-------+-------++-------
Melee: Unarmed           |    38 |       ||    38
       Short sword       |    45 |    38 ||    83
       Club              |     3 |       ||     3
 Cast: Magic Dart        |    25 |    31 ||    56
       Conjure Flame     |       |     1 ||     1
       Mephitic Cloud    |       |     1 ||     1
 Stab: Sleeping          |     1 |     1 ||     2
Armor: Robe              |    16 |    14 ||    30
Dodge: Dodged            |    53 |    24 ||    77
